 Dungeon Crawl Stone Soup version 0.29.1-2-gbd0b4ee654 (webtiles) character file.

Game seed: 18016688553445161730

11500 sanboga the Bludgeoner (level 11, 0/92 HPs)
             Began as a Minotaur Monk on Nov 20, 2022.
             Was a Priest of Hepliaklqana.
             Slain by a slime creature (7 damage)
             ... on level 10 of the Dungeon on Nov 21, 2022.
             The game lasted 00:17:26 (10171 turns).

sanboga the Bludgeoner (Minotaur Monk)             Turns: 10171, Time: 00:17:26

Health: 0/92       AC: 16    Str: 24    XL:     11   Next: 50%
Magic:  0/10       EV:  8    Int:  7    God:    Hepliaklqana [***...]
Gold:   553        SH:  0    Dex: 12    Spells: 10/10 levels left

rFire   + . .      SeeInvis .   i - +6 flail of Starshine {distort, Fragile +Blink Str+3}
rCold   + + .      Faith    .   (no shield)
rNeg    . . .      Spirit   +   h - +0 plate armour
rPois   .          Reflect  .   (helmet restricted)
rElec   .          Harm     .   e - scarf {rC+ rF+}
rCorr   .          Rampage  .   (no gloves)
Will    .....                   r - +0 pair of boots
Stlth   ..........              g - amulet of guardian spirit
HPRegen 0.25/turn               v - ring of protection from cold
MPRegen 0.12/turn               (no ring)

@: no status effects
A: reduced essence, horns 2, retaliatory headbutt
a: Renounce Religion, Evoke Blink, Recall Ancestor, Ancestor Identity,
Transference


You were on level 10 of the Dungeon.
You worshipped Hepliaklqana.
Hepliaklqana was most pleased with you.
You visited 2 branches of the dungeon, and saw 11 of its levels.
You also visited: Sewer.

You collected 553 gold pieces.

Inventory:

Hand Weapons
 i - the +6 flail of Starshine (weapon) {distort, Fragile +Blink Str+3}
   (You found it in a sewer)

   It warps and distorts space around it, and may blink, banish, or inflict
   extra damage upon those it strikes.
   Unwielding it can cause banishment or high damage.
   Str:       It affects your strength (+3).
   +Blink:    It lets you blink.
   Fragile:   It will be destroyed if unequipped.
 j - a +0 vorpal morningstar
 z - a +5 flail of holy wrath
Armour
 e - a scarf of resistance (worn)
 h - a +0 plate armour (worn)
 r - a +0 pair of boots (worn)
Jewellery
 g - an amulet of guardian spirit (around neck)
 v - a ring of protection from cold (left hand)
Wands
 u - a wand of paralysis (17)
 y - a wand of polymorph (9)
Scrolls
 b - 2 scrolls of poison
 k - a scroll of magic mapping {unknown}
 n - 4 scrolls of teleportation
 p - a scroll of noise {unknown}
 q - 3 scrolls of enchant weapon
 t - 2 scrolls of identify
 w - a scroll of summoning {unknown}
 x - a scroll of butterflies
 A - 2 scrolls of enchant armour
Potions
 a - a potion of haste {unknown}
 c - 2 potions of ambrosia
 d - 8 potions of curing
 f - 5 potions of heal wounds
 l - a potion of resistance
 m - a potion of flight
 o - a potion of mutation
 s - a potion of berserk rage


   Skills:
 + Level 11.6 Fighting
 * Level 15.7 Maces & Flails
 + Level 10.9 Armour
 - Level 3.2 Dodging
 - Level 1.5 Stealth


You had 10 spell levels left.
You didn't know any spells.
Your spell library contained the following spells:

 Spells                   Type           Power      Damage    Failure   Level
 Apportation              Tloc           0%         N/A       99%         1
 Necrotise                Necr           0%         1d4       99%         1
 Sandblast                Erth           0%         2d4       99%         1
 Summon Small Mammal      Summ           0%         N/A       99%         1
 Passwall                 Tmut/Erth      0%         N/A       100%        2
 Call Canine Familiar     Summ           0%         N/A       100%        3
 Gell's Gravitas          Tloc           0%         N/A       100%        3
 Lesser Beckoning         Tloc           0%         N/A       100%        3
 Ozocubu's Armour         Ice            0%         N/A       100%        3
 Stone Arrow              Conj/Erth      0%         3d7       100%        3
 Summon Guardian Golem    Hex/Summ       0%         N/A       100%        3
 Teleport Other           Tloc           0%         N/A       100%        3
 Ozocubu's Refrigeration  Ice            0%         4d7       100%        7


Dungeon Overview and Level Annotations

Branches:
Dungeon (11/15)            Temple (1/1) D:6            Lair (0/5) D:8
    Orc (0/2) D:11          Sewer (visited)

Altars:
Ashenzari
Cheibriados
Dithmenos
Elyvilon
Fedhas
Gozag
Hepliaklqana
Kikubaaqudgha
Makhleb
Nemelex Xobeh
Okawaru
Qazlal
Ru
Trog
Uskayaw
Vehumet
Wu Jian
Xom
Yredelemnul
Zin
The Shining One

Portals:
Trove: D:11 (show slimy rune of Zot)

Annotations:
D:6 3 runed translucent doors, TheSexyCheese's ghost, novice HOFi
D:8 2 transporters, 0gre's ghost, novice GnIE


Innate Abilities, Weirdness & Mutations

Your life essence is reduced to manifest your ancestor. (-10% HP)
You have a pair of horns on your head.
You reflexively headbutt those who attack you in melee.


Message History

Barbara casts a spell next to you. Something hits you but does no damage.
You sock the slime creature!
Space warps around the slime creature.
The slime creature is moderately wounded.
Something hits you but does no damage.
Two slime creatures merge to form a large slime creature.
The slime creature hits you!
Barbara hits something but does no damage.
You bludgeon the slime creature!!
The slime creature is heavily wounded.
Something hits you!
You bludgeon the slime creature!!
Space warps around the slime creature.
The slime creature is almost dead.
Something hits you! The slime creature hits you!
You hit the slime creature.
The slime creature is almost dead.
Something hits you but does no damage.
Something hits Barbara!
Barbara hits something with a +0 dagger of draining!
The large slime creature hits you!!!
* * * LOW HITPOINT WARNING * * *
The slime creature closely misses you. You furiously retaliate!
You headbutt the slime creature!
The slime creature hits you but does no damage.
Barbara barely misses something.
You are too injured to fight recklessly!
You are too injured to fight recklessly!
You are too injured to fight recklessly!
You are too injured to fight recklessly!
You are too injured to fight recklessly!
You are too injured to fight recklessly!
You thump the slime creature!
You kill the slime creature!
Something hits you.
* * * LOW HITPOINT WARNING * * *
Something hits Barbara!
Barbara points next to you and mumbles some strange words.
You closely miss something. Something hits you!
* * * LOW HITPOINT WARNING * * *
A large slime creature splits.
The slime creature hits you!
You die...

#..........#
#..........#
#..........#
#..........#
#..........#
+..........#
#....R.....#
###...J.>....#
.......@.....#
#.....JJ.....#
...........###
.≈≈≈≈§§≈≈≈.#
.≈......§≈.#
.≈.≈≈≈≈≈§≈.#
.≈.≈..§§.≈.#
.≈.≈._.≈.≈.#


You could see the friendly Barbara the hexer and 3 slime creatures.

Vanquished Creatures
  A hydra (D:11)
  3 two-headed ogres
  A death yak (D:8)
  Pikel (D:6)
  A cyclops (D:11)
  Maggie (D:7)
  A troll (D:11)
  A slime creature (D:10)
  A wraith (D:11)
  Grum (D:8)
  3 yaks (D:8)
  Edmund (D:6)
  2 acid dragons
  A warg (D:11)
  An orc warrior (D:8)
  A black bear (D:6)
  2 sky beasts
  An ogre (D:11)
  2 wolves (D:8)
  2 phantoms
  A lemure (D:6)
  5 bullfrogs
  3 kobold brigands
  3 scorpions
  2 necrophages
  5 wights (D:7)
  4 killer bees (D:7)
  An electric eel (D:11)
  2 orc priests (D:11)
  3 hounds
  3 jellies
  A gnoll bouda (D:8)
  An iguana (D:5)
  9 orc wizards
  A hexer (D:8)
  5 gnolls
  6 adders
  A river rat (D:3)
  2 white imps (D:6)
  2 ufetubi
  4 worms
  5 dart slugs
  24 orcs
  5 bats
  18 endoplasms
  22 giant cockroaches
  11 goblins
  14 hobgoblins
  2 jackals (D:3)
  7 quokkas
  13 ball pythons
  12 frilled lizards
  12 kobolds
  8 rats
245 creatures vanquished.

Vanquished Creatures (collateral kills)
  Erica (D:11)
  Menkaure (D:7)
  A sky beast (D:7)
  A killer bee (D:7)
  A jelly (D:7)
  A gnoll bouda (D:7)
  An orc priest (D:11)
  2 gnolls
  2 orcs
11 creatures vanquished.

Vanquished Creatures (others)
  2 hexers
2 creatures vanquished.

Grand Total: 258 creatures vanquished

Notes
Turn   | Place    | Note
-------+----------+-------------------------------------------
     0 | D:1      | sanboga the Minotaur Monk began the quest for the Orb.
     0 | D:1      | Reached XP level 1. HP: 19/19 MP: 0/0
   170 | D:1      | Reached skill level 4 in Maces & Flails
   172 | D:1      | Reached XP level 2. HP: 6/27 MP: 1/1
   174 | D:1      | Reached skill level 1 in Armour
   840 | D:1      | Reached XP level 3. HP: 33/33 MP: 2/2
  1080 | D:2      | Noticed a phantom
  1090 | D:2      | Killed a phantom
  1091 | D:2      | Reached skill level 5 in Maces & Flails
  1091 | D:2      | Reached XP level 4. HP: 17/41 MP: 3/3
  1825 | D:2      | Reached XP level 5. HP: 47/47 MP: 4/4
  2447 | D:3      | Found a glowing drain.
  2477 | Sewer    | Entered a sewer
  2675 | Sewer    | Reached skill level 6 in Maces & Flails
  2870 | Sewer    | Reached skill level 5 in Fighting
  2897 | Sewer    | Reached XP level 6. HP: 21/56 MP: 3/5
  2906 | Sewer    | Identified the +6 flail of Starshine {distort, Fragile
                  | +Blink Str+3}
  3472 | D:3      | Reached skill level 7 in Maces & Flails
  3916 | D:4      | Found a snail-covered altar of Cheibriados.
  4036 | D:4      | Found an ancient bone altar of Kikubaaqudgha.
  4054 | D:4      | Reached XP level 7. HP: 53/62 MP: 6/6
  4591 | D:5      | Entered Level 5 of the Dungeon
  4684 | D:5      | Reached skill level 8 in Maces & Flails
  5226 | D:6      | Reached skill level 5 in Armour
  5382 | D:6      | Reached XP level 8. HP: 66/71 MP: 7/7
  5547 | D:6      | Reached skill level 9 in Maces & Flails
  5667 | D:6      | Found a staircase to the Ecumenical Temple.
  5669 | D:6      | Noticed Edmund
  5685 | D:6      | Killed Edmund
  5692 | Temple   | Entered the Ecumenical Temple
  5785 | Temple   | Became a worshipper of Hepliaklqana the Forgotten
  5785 | Temple   | Reached * piety under Hepliaklqana
  5785 | Temple   | Reached ** piety under Hepliaklqana
  5786 | Temple   | Remembered your ancestor Barbara as a hexer
  6050 | D:6      | Reached skill level 10 in Maces & Flails
  6160 | D:6      | Found a runed translucent gate.
  6161 | D:6      | Found a runed translucent gate.
  6162 | D:6      | Found a runed translucent gate.
  6173 | D:6      | Noticed TheSexyCheese's ghost (novice HOFi)
  6239 | D:6      | Noticed a gargoyle
  6508 | D:7      | Noticed Pikel
  6511 | D:7      | Noticed Maggie
  6556 | D:6      | Killed Pikel
  6557 | D:6      | Reached XP level 9. HP: 30/72 MP: 3/8
  6680 | D:7      | Reached skill level 11 in Maces & Flails
  6715 | D:7      | Killed Maggie
  6896 | D:7      | Noticed Menkaure
  6904 | D:7      | Killed Menkaure
  6905 | D:7      | Reached skill level 12 in Maces & Flails
  7248 | D:7      | Found a stormy altar of Qazlal.
  7668 | D:8      | Noticed a death yak
  7668 | D:8      | Noticed a death yak
  7668 | D:8      | Found a staircase to the Lair.
  7671 | D:8      | Noticed a two-headed ogre
  7675 | D:8      | Noticed a death yak
  7846 | D:8      | Found a transporter.
  7846 | D:8      | Found a transporter.
  7871 | D:8      | Noticed 0gre's ghost (novice GnIE)
  7953 | D:7      | Banished a death yak
  7954 | D:7      | Reached XP level 10. HP: 78/81 MP: 9/9
  7970 | D:8      | Killed a death yak
  7971 | D:8      | Reached skill level 13 in Maces & Flails
  7980 | D:8      | Reached skill level 10 in Fighting
  7990 | D:8      | Killed a two-headed ogre
  7993 | D:8      | Banished a death yak
  7994 | D:8      | Reached skill level 14 in Maces & Flails
  8338 | D:8      | Noticed Grum
  8353 | D:8      | Killed Grum
  8440 | D:8      | Reached *** piety under Hepliaklqana
  8520 | D:8      | You fall into a shaft and drop 3 floors!
  8521 | D:11     | Noticed a two-headed ogre
  8531 | D:11     | Killed a two-headed ogre
  8532 | D:11     | Reached skill level 10 in Armour
  8595 | D:11     | Noticed a two-headed ogre
  8611 | D:11     | Reached XP level 11. HP: 46/90 MP: 6/10
  8619 | D:11     | Killed a two-headed ogre
  8962 | D:11     | Found a staircase to the Orcish Mines.
  9162 | D:11     | Identified the +11 short sword of Obrutz {speed, rElec MP+9
                  | Dex-2 Stlth+}
  9199 | D:11     | Found a portal to a secret trove of treasure.
  9317 | D:11     | Reached skill level 15 in Maces & Flails
  9499 | D:11     | Noticed a five-headed hydra
  9504 | D:11     | Killed a five-headed hydra
  9835 | D:11     | Noticed a boulder beetle
  9840 | D:11     | Banished a boulder beetle
  9972 | D:11     | Noticed Erica
  9981 | D:11     | Killed Erica
 10162 | D:10     | Entered Level 10 of the Dungeon
 10163 | D:10     | Found a stormy altar of Qazlal.
 10171 | D:10     | Slain by a slime creature

Illustrated notes

Levels and vault maps discovered:
D:1:      eino_arrival_druids_welcome, layout_basic
D:2:      layout_basic
D:3:      layout_basic, portal_sewer_entry_a
D:4:      layout_loops_cross, mainiacjoe_overflow_catwalk,
          nicolae_kikubaaqudgha_miasma_corner, kennysheep_boxes
D:5:      layout_loops_ring
D:6:      layout_loops_ring, minmay_temple_entry_statues_fountains,
          gammafunk_ghost_split, nrook_mini_vaults, uniq_edmund
D:7:      layout_cave_pools, enter_bailey_8, dreamdust_princess_corridor,
          kennysheep_small_circle, uniq_pikel, uniq_menkaure, uniq_maggie
D:8:      layout_rooms, dpeg_lair_monsters, gammafunk_ghost_hive, uniq_grum
D:10:     layout_roguey, mainiacjoe_overflow_concentric_impassable,
          serial_curves, eino_curves_01, eino_curves_02
D:11:     layout_irregular_city, erik_orc_3, nicolae_trove_entry_columns,
          lightli_minifort, uniq_erica
Temple:   hc_temple_tempest_star

Skill      XL: |  1  2  3  4  5  6  7  8  9 10 11 |
---------------+----------------------------------+-----
Maces & Flails | 4 5 6 7 8 10 12 14 15 | 15.7
Armour         | 1 2 3 4 5 6 8 10 | 10.9
Fighting       | 4 5 6 8 9 10 11 | 11.6
Dodging        | |  3.2
Stealth        | |  1.5

Action                   |  1- 3 |  4- 6 |  7- 9 | 10-12 || total
-------------------------+-------+-------+-------+-------++-------
Melee: Mace              |    55 |   146 |       |       ||   201
       Headbutt          |     4 |    23 |    17 |    28 ||    72
       Punch             |       |     1 |     1 |     2 ||     4
       Flail             |       |    42 |   144 |   122 ||   308
Invok: Recall Ancestor   |       |       |     1 |     1 ||     2
       Ancestor Life: He |       |       |     1 |       ||     1
       Ancestor Identity |       |       |     1 |       ||     1
Evoke: Wand              |       |       |       |     3 ||     3
  Use: Scroll            |       |    10 |     9 |       ||    19
 Stab: Sleeping          |     9 |     3 |       |       ||    12
       Confused          |       |       |       |     1 ||     1
Armor: Robe              |    11 |    28 |       |       ||    39
       Chain mail        |       |    27 |    35 |       ||    62
       Plate armour      |       |       |    64 |    53 ||   117
Dodge: Dodged            |    25 |   127 |    79 |    35 ||   266
